 Dungeon Crawl Stone Soup version 0.21-a0-476-gd103f4b (webtiles) character file.

994 theanonym the Spear-Bearer (level 7, 0/91 HPs)
             Began as a Minotaur Gladiator on Nov 22, 2017.
             Succumbed to a water moccasin's poison
             ... on level 5 of the Dungeon.
             The game lasted 00:08:00 (4294 turns).

theanonym the Spear-Bearer (Minotaur Gladiator)     Turns: 4294, Time: 00:08:01

Health: 0/91       AC: 23    Str: 21    XL:     7   Next: 99%
Magic:  6/6        EV:  2    Int:  5    God:
Gold:   26         SH:  0    Dex: 11    Spells: 6/6 levels left

rFire    + . .     SeeInvis .   a - +0 trident
rCold    + . .     Gourm    .   (no shield)
rNeg     + + +     Faith    .   (armour currently unavailable)
rPois    +         Spirit   .   (helmet currently unavailable)
rElec    .         Reflect  .   (cloak currently unavailable)
rCorr    .         Harm     .   (gloves currently unavailable)
MR       .....     NoTele   +   (boots currently unavailable)
Stlth    +.........             (no amulet)
HPRegen  0.25/turn              l - ring of protection from cold (curse) {rC+}
MPRegen  0.10/turn              s - ring of protection from fire {rF+}

@: lethally poisoned (0 -> -2), tree-form, hasted, very quick
A: (retaliatory headbutt)
a: no special abilities


Innate Abilities, Weirdness & Mutations

((You reflexively headbutt those who attack you in melee.))
((You have a pair of horns on your head.))


   Skills:
 + Level 5.6 Fighting
 * Level 10.3 Polearms
 - Level 2.0 Throwing
 - Level 3.2 Dodging


You had 6 spell levels left.
You didn't know any spells.

Skill      XL: |  1  2  3  4  5  6  7 |
---------------+----------------------+-----
Polearms       | 4 5 6 7 8 9 10 | 10.3
Fighting       | 3 4 5 |  5.6
Throwing       | |  2.0
Dodging        | |  3.2

Action                   |  1- 3 |  4- 6 |  7- 9 || total
-------------------------+-------+-------+-------++-------
Melee: Trident           |   100 |   203 |    92 ||   395
       Headbutt          |    10 |    35 |    21 ||    66
  Use: Scroll            |     2 |     5 |     2 ||     9
       Potion            |       |     4 |     4 ||     8
  Eat: Chunk             |       |     9 |     2 ||    11
Armor: Leather armour    |     8 |       |       ||     8
       Chain mail        |    29 |    77 |    29 ||   135
Dodge: Dodged            |    35 |    52 |    37 ||   124

Inventory:

Hand Weapons
 a - a +0 trident (weapon)
Missiles
 d - 3 throwing nets (quivered)
 j - 7 tomahawks
 n - 4 javelins
Armour
 c - a +0 hat (melded)
 e - a +0 leather armour
 h - a +0 chain mail (melded)
   (You found it on level 1 of the Dungeon)
Jewellery
 l - a cursed ring of protection from cold (left branch) {rC+}
   (You found it on level 2 of the Dungeon)
 s - a ring of protection from fire (right branch) {rF+}
   (You found it on level 4 of the Dungeon)
Scrolls
 b - 3 scrolls of blinking
 g - a scroll of immolation
 i - 2 scrolls of remove curse
 p - a scroll of fog {unknown}
 r - 2 scrolls of identify
 t - 2 scrolls of teleportation {!r}
 x - a scroll of fear {!r}
 y - 3 scrolls of magic mapping {!r}
Potions
 w - 2 potions of might
Comestibles
 f - a bread ration
 k - a fruit
 m - a meat ration

Dungeon Overview and Level Annotations

Branches:
Dungeon (5/15)
 Temple: D:4-7

Altars:
Dithmenos
Elyvilon
Qazlal

Shops:
D:5 !?(}

Annotations:
D:5 Edmund


You were on level 5 of the Dungeon.
You were not hungry.
You were a tree.
You visited 1 branch of the dungeon, and saw 5 of its levels.

You collected 279 gold pieces.
You spent 253 gold pieces at shops.


Message History

You take 3 damage, and have 14/61 hp.
* * * LOW HITPOINT WARNING * * *
You feel very sick.
You take 3 damage, and have 11/61 hp.
* * * LOW HITPOINT WARNING * * *
You feel sick.
You take 2 damage, and have 9/61 hp.
It was a potion of haste.
You feel yourself speed up.
* * * LOW HITPOINT WARNING * * *
You feel very sick.
A quokka skeleton comes into view.
You take 2 damage, and have 7/61 hp.
* * * LOW HITPOINT WARNING * * *
You feel sick.
You take 1 damage, and have 6/61 hp.
* * * LOW HITPOINT WARNING * * *
You feel sick.
You take 1 damage, and have 5/61 hp.
* * * LOW HITPOINT WARNING * * *
You feel sick.
All of the chunks of flesh in your inventory have rotted away.
You take 1 damage, and have 4/61 hp.
Okay, then.
You are confused.
You feel invigorated.
* * * LOW HITPOINT WARNING * * *
You feel sick.
* * * LOW HITPOINT WARNING * * *
You feel sick.
* * * LOW HITPOINT WARNING * * *
You feel sick.
* * * LOW HITPOINT WARNING * * *
You feel sick.
* * * LOW HITPOINT WARNING * * *
You feel sick.
You regained 3 hp, and now have 11/61 hp.
There is a lethal amount of poison in your body!
You feel less invigorated.
You feel less confused.
* * * LOW HITPOINT WARNING * * *
You feel sick.
* * * LOW HITPOINT WARNING * * *
You feel sick.
You take 1 damage, and have 11/61 hp.
* * * LOW HITPOINT WARNING * * *
You feel sick.
You take 1 damage, and have 10/61 hp.
* * * LOW HITPOINT WARNING * * *
You feel sick.
You take 1 damage, and have 9/61 hp.
* * * LOW HITPOINT WARNING * * *
You feel sick.
You take 1 damage, and have 8/61 hp.
* * * LOW HITPOINT WARNING * * *
You feel sick.
Found a scroll of immolation.
You take 1 damage, and have 7/61 hp.
Okay, then.
* * * LOW HITPOINT WARNING * * *
You feel sick.
You take 1 damage, and have 7/61 hp.
* * * LOW HITPOINT WARNING * * *
You feel sick.
You take 1 damage, and have 6/61 hp.
* * * LOW HITPOINT WARNING * * *
You feel sick.
You take 1 damage, and have 5/61 hp.
* * * LOW HITPOINT WARNING * * *
You feel sick.
You take 1 damage, and have 4/61 hp.
* * * LOW HITPOINT WARNING * * *
You feel sick.
You take 1 damage, and have 3/61 hp.
* * * LOW HITPOINT WARNING * * *
You feel sick.
You see here 4 arrows.
You take 1 damage, and have 3/61 hp.
There is an entrance to Cos Maba's Gadget Shoppe here.
* * * LOW HITPOINT WARNING * * *
You feel sick.
You take 1 damage, and have 2/61 hp.
There is a fountain of clear blue water here.
* * * LOW HITPOINT WARNING * * *
You feel sick.
You take 1 damage, and have 1/61 hp.
There is an entrance to Wuvusuph's Distillery here.
o - a potion of lignification Thank you for shopping at Wuvusuph's Distillery!
You turn into a tree.
Your +0 hat melds into your body.
Your +0 chain mail melds into your body.
Your roots penetrate the ground.
* * * LOW HITPOINT WARNING * * *
You feel sick.
You now have 1/91 hp.
There is a lethal amount of poison in your body!
Unknown command.
Unknown command.
Okay, then.
Unknown command.
Unknown command.
You die...

#..###..##.........# #.........
##..#..###.........#####.........
##.....##.............##.........
....................#............
.........##.............)........
#..._...####...♣.♣.♣.♣..)........
.........##.......∩...)#.........
...............♣.♣.♣÷♣)..........
##.....##...#...♣.⌠.∩(...>.......
##..#.. ##.....♣.♣.♣.♣...........
..###. #........∩....#.........
........♣.♣.♣.♣...........
.#>.......................
...........##..........)..
##.........###............
..........# #............ .......
#............


There were no monsters in sight!

Notes
Turn   | Place    | Note
-------+----------+-------------------------------------------
     0 | D:1      | theanonym the Minotaur Gladiator began the quest for the Orb.
     0 | D:1      | Reached XP level 1. HP: 18/18 MP: 0/0
     2 | D:1      | Noticed a demigod
     2 | D:1      | Noticed an ogre
     4 | D:1      | Noticed a merfolk
     4 | D:1      | Noticed a draconian
     6 | D:1      | Noticed a minotaur
     6 | D:1      | Noticed an octopode
     8 | D:1      | Noticed a felid
     8 | D:1      | Noticed a spriggan
    10 | D:1      | Noticed a ghoul
    10 | D:1      | Noticed a naga
    12 | D:1      | Noticed a vampire
    16 | D:1      | Noticed a dwarf
    16 | D:1      | Noticed a halfling
    18 | D:1      | Noticed a centaur
    18 | D:1      | Noticed a demonspawn
    20 | D:1      | Noticed an elf
    20 | D:1      | Noticed a troll
    22 | D:1      | Noticed a tengu
    24 | D:1      | Noticed a human
    24 | D:1      | Noticed a gargoyle
    26 | D:1      | Noticed a formicid
    26 | D:1      | Noticed a vine stalker
    37 | D:1      | Reached skill level 4 in Polearms
    49 | D:1      | Reached XP level 2. HP: 22/25 MP: 1/1
   603 | D:1      | Reached skill level 5 in Polearms
   685 | D:2      | Reached XP level 3. HP: 30/30 MP: 2/2
   929 | D:2      | Reached skill level 6 in Polearms
   929 | D:2      | Reached XP level 4. HP: 30/37 MP: 3/3
  1053 | D:2      | HP: 18/37 [poisoned by an adder]
  1425 | D:3      | Reached skill level 7 in Polearms
  1425 | D:3      | Reached XP level 5. HP: 42/42 MP: 4/4
  1522 | D:3      | Noticed an orc warrior
  1535 | D:3      | HP: 21/42 [orc warrior/trident (16)]
  1536 | D:3      | HP: 1/42 [orc warrior/trident (20)]
  2231 | D:3      | Found a stormy altar of Qazlal.
  2233 | D:3      | Noticed an air elemental
  2234 | D:3      | Noticed a fire elemental
  2234 | D:3      | Noticed a water elemental
  2563 | D:4      | Reached skill level 3 in Fighting
  2563 | D:4      | Reached skill level 8 in Polearms
  2563 | D:4      | Reached XP level 6. HP: 45/51 MP: 5/5
  3389 | D:5      | Entered Level 5 of the Dungeon
  3394 | D:5      | Noticed a sky beast
  3405 | D:5      | HP: 22/51 [something (6)]
  3411 | D:5      | HP: 15/51 [something (2)]
  3417 | D:5      | Killed a sky beast
  3417 | D:5      | Reached skill level 4 in Fighting
  3578 | D:5      | HP: 24/52 [centaur/arrow (7)]
  3760 | D:5      | Found a shadowy altar of Dithmenos.
  3765 | D:5      | Found Taessino's Magic Scroll Shoppe.
  3772 | D:5      | Found Wuvusuph's Distillery.
  3776 | D:5      | Reached skill level 9 in Polearms
  3776 | D:5      | Reached XP level 7. HP: 58/59 MP: 6/6
  3951 | D:5      | Found Hamonn's Weapon Shoppe.
  3956 | D:5      | Found Cos Maba's Gadget Shoppe.
  3972 | D:5      | Bought 2 potions of might for 104 gold pieces
  3972 | D:5      | Bought a potion of heal wounds for 65 gold pieces
  3976 | D:5      | Bought a scroll of remove curse for 45 gold pieces
  3989 | D:5      | HP: 30/60 [centaur (3)]
  3994 | D:5      | HP: 25/60 [poisoned by an adder]
  3998 | D:5      | Reached skill level 5 in Fighting
  4128 | D:5      | Found a white marble altar of Elyvilon.
  4137 | D:5      | Reached skill level 10 in Polearms
  4249 | D:5      | Noticed Edmund
  4254 | D:5      | HP: 29/61 [water moccasin (4)]
  4258 | D:5      | HP: 14/61 [poisoned by a water moccasin]
  4262 | D:5      | HP: 6/61 [poisoned by a water moccasin]
  4267 | D:5      | HP: 7/61 [poisoned by a water moccasin]
  4272 | D:5      | HP: 10/61 [poisoned by a water moccasin]
  4277 | D:5      | HP: 7/61 [poisoned by a water moccasin]
  4283 | D:5      | HP: 3/61 [poisoned by a water moccasin]
  4289 | D:5      | HP: 1/61 [poisoned by a water moccasin]
  4291 | D:5      | Bought a potion of lignification for 39 gold pieces
  4294 | D:5      | Succumbed to a water moccasin's poison

Vanquished Creatures
  A sky beast (D:5)
  A phantom (D:5)
  An ogre (D:5)
  2 centaurs (D:5)
  2 scorpions (D:4)
  A bullfrog skeleton (D:5)
  A bullfrog zombie (D:5)
  A hound (D:5)
  2 orc wizards (D:3)
  An iguana (D:4)
  3 worker ants
  A hound zombie (D:5)
  8 adders
  3 oozes
  An adder zombie (D:5)
  3 adder skeletons
  3 worms
  4 dart slugs
  3 leopard geckos
  11 orcs
  3 giant cockroaches
  13 goblins
  8 hobgoblins
  4 jackals (D:2)
  2 ball pythons
  6 bats
  4 frilled lizards
  6 kobolds
  2 quokka skeletons (D:4)
  8 rats
109 creatures vanquished.
